 Dungeon Crawl Stone Soup version 0.31-a0-1074-g0b22e4e0f1 (webtiles) character file.

Game seed: 18095066776001789134

646 croobank the Ruffian (level 7, -3/47 HPs)
             Began as an Octopode Shapeshifter on Dec 7, 2023.
             Shot with an arrow by a centaur (4 damage)
             ... on level 5 of the Dungeon.
             The game lasted 00:08:22 (3781 turns).

croobank the Ruffian (Octopode Shapeshifter)        Turns: 3781, Time: 00:08:23

Health: -3/47      AC:  1    Str: 13    XL:     7   Next: 52%
Magic:  7/7        EV: 14    Int: 15    God:
Gold:   216        SH:  0    Dex: 11    Spells: 6/6 levels left

rFire   . .          .
                       - Unarmed
rCold   . . .        (no shield)
rNeg    . . .        (helmet currently unavailable)
rPois   .            (no amulet)
rElec   .            l - ring of willpower
rCorr   .            (no ring)
SInv    .            (no ring)
Will    +....        (no ring)
Stlth   ++           (no ring)
HPRegen 0.27/turn    (no ring)
MPRegen 0.10/turn    (no ring)
                     (no ring)

%: no passive effects
@: beast-form, attractive
A: beast (slay +2), almost no armour, amphibious, 8 rings, camouflage 1,
gelatinous body 1, (nimble swimmer 1), tentacles
a: Begin Untransformation


You were on level 5 of the Dungeon.
You were a hulking beast.
You visited 1 branch of the dungeon, and saw 5 of its levels.

You collected 216 gold pieces.

Inventory:

Hand Weapons
 a - a +0 short sword
 m - a +0 flail of draining
 o - a +0 war axe
Jewellery
 l - a ring of willpower (left tentacle)
Talismans
 b - a beast talisman
 c - a flux talisman
Scrolls
 d - a scroll of amnesia {unknown}
 g - a scroll of vulnerability {unknown}
Potions
 h - 2 potions of might {unknown}
 i - 2 potions of enlightenment {unknown}
 j - 3 potions of curing {unknown}
 k - a potion of ambrosia {unknown}


   Skills:
 + Level 3.9 Fighting
 + Level 4.3 Dodging
 + Level 4.9 Unarmed Combat
 + Level 4.6 Shapeshifting


You had 6 spell levels left.
You didn't know any spells.
Your spell library was empty.

Dungeon Overview and Level Annotations

Branches:
Dungeon (5/15)
 Temple: D:4-7

Altars:
Gozag
Kikubaaqudgha
Wu Jian

Annotations:
D:3 Grinder


Innate Abilities, Weirdness & Mutations

You are a hulking beast.
Your limbs bulge with bestial killing power. (Slay +2)
You cannot wear most types of armour.
You are amphibious.
You can wear up to eight rings at the same time.
Your skin changes colour to match your surroundings (Stealth+).
Your rubbery body absorbs attacks. (AC +1, EV +1)
((You are camouflaged when in or above water. (Stealth+)))
You have tentacles for arms and can constrict up to eight enemies at once.


Message History

Aim: an ogre, wielding a +0 giant club (73% to hit)
You throw a poisoned dart. The poisoned dart hits the ogre.
The ogre is poisoned.
Throw: dart (poison)
Press: ? - help, Q - select action Shift-Dir - straight line, f/p - ogre
Aim: an ogre, wielding a +0 giant club (lightly wounded, poisoned, 73% to hit)
You throw a poisoned dart. The poisoned dart hits the ogre.
The ogre looks even sicker.
The ogre is lightly wounded.
You see here a scroll of teleportation.
A centaur comes into view.
The centaur shouts!
The centaur wields a +0 orcbow.
The centaur shoots an arrow.
The arrow hits you!
A centaur comes into view.
The centaur moves out of view.
The centaur shoots an arrow.
The arrow closely misses you.
The arrow hits the ogre.
The centaur shouts!
You tentacle-slap the ogre. You squeeze the ogre!
The ogre is severely wounded.
The centaur shoots an arrow.
The arrow barely misses you.
The arrow hits the ogre!
The ogre dies!
The centaur shoots an arrow.
The arrow hits you!
The centaur shoots an arrow.
The arrow hits you!
* * * LOW HITPOINT WARNING * * *
Found a manual of Unarmed Combat.
The centaur shoots an arrow.
The arrow hits you!
* * * LOW HITPOINT WARNING * * *
Okay, then.
Unknown command.
Okay, then.
Okay, then.
Okay, then.
Okay, then.
It was a potion of attraction.
You feel attractive to monsters.
The centaur shoots an arrow.
The arrow hits you.
You die...

#.##.. .# .#.#. #.
..#: .. # ... .# #.
.. #.# #..##c##..#
#.......# #...h.#
####..## #....#
#...)# #....######.
#...?.!..... ......
#.....#######......
#.....####.......##
####....##.........


You could see a centaur.

Vanquished Creatures
  Menkaure (D:4)
  2 ogres (D:4)
  A phantom (D:4)
  A hound (D:4)
  Terence (D:3)
  Natasha (twice) (D:3)
  2 iguanas
  3 adders
  4 worms
  A dart slug (D:1)
  3 orcs
  6 ball pythons
  5 endoplasms
  3 giant cockroaches
  3 hobgoblins (D:1)
  2 jackals (D:1)
  3 quokkas
  3 bats
  2 frilled lizards
  2 goblins
  2 kobolds
  2 rats (D:1)
54 creatures vanquished.

Vanquished Creatures (others)
  An ogre (D:5)
1 creature vanquished.

Grand Total: 55 creatures vanquished

Notes
Turn   | Place    | Note
-------+----------+-------------------------------------------
     0 | D:1      | croobank the Octopode Shapeshifter began the quest for the
                  | Orb.
     0 | D:1      | Reached XP level 1. HP: 13/13 MP: 1/1
   182 | D:1      | Reached XP level 2. HP: 18/18 MP: 2/2
   753 | D:2      | Reached XP level 3. HP: 2/24 MP: 3/3
   859 | D:2      | You fall into a shaft and drop 2 floors!
   935 | D:4      | Noticed Menkaure
   937 | D:4      | Noticed an ogre
   941 | D:4      | HP: 1/24 [ogre/+0 giant club (23)]
  1079 | D:3      | HP: 1/24 [iguana (12)]
  1233 | D:3      | Found an ancient bone altar of Kikubaaqudgha.
  1244 | D:3      | Reached XP level 4. HP: 29/29 MP: 4/4
  1337 | D:3      | Noticed Terence
  1348 | D:3      | Killed Terence
  1452 | D:3      | Noticed Natasha
  1564 | D:3      | Killed Natasha
  1565 | D:3      | Reached XP level 5. HP: 17/35 MP: 5/5
  1737 | D:2      | Found an opulent altar of Gozag.
  2132 | D:3      | Noticed Grinder
  2296 | D:3      | Noticed Natasha
  2304 | D:3      | Killed Natasha
  2678 | D:4      | Killed Menkaure
  2679 | D:4      | Reached XP level 6. HP: 9/42 MP: 6/6
  3372 | D:5      | Entered Level 5 of the Dungeon
  3385 | D:4      | Reached XP level 7. HP: 31/46 MP: 7/7
  3699 | D:5      | Found an ornate altar of the Wu Jian Council.
  3780 | D:5      | HP: 1/47 [centaur/arrow (13)]
  3781 | D:5      | Shot with an arrow by a centaur

Illustrated notes

Levels and vault maps discovered:
D:1:      sevenhm_arrival_forest_fort_small_1, layout_basic,
          wander_ebering_terrifying_dragon_lair
D:2:      layout_basic, basic_altar, nicolae_twisty_statue_hallways
D:3:      layout_basic, nicolae_kikubaaqudgha_miasma_corner, uniq_natasha,
          uniq_grinder, uniq_terence
D:4:      layout_rooms, kennysheep_decorative_pillar, roderic_lattice_a,
          uniq_menkaure
D:5:      kennysheep_big_flooded_room, layout_rooms,
          mainiacjoe_overflow_catwalk, minmay_manual_mares

Skill      XL: |  1  2  3  4  5  6 |
---------------+-------------------+-----
Fighting       | 2 3 |  3.9
Dodging        | 3 4 |  4.3
Unarmed Combat | 4 |  4.9
Shapeshifting  | 4 |  4.6

Action                     |  1- 3 |  4- 6 |  7- 9 || total
---------------------------+-------+-------+-------++-------
  Melee: Unarmed           |    55 |    61 |    11 ||   127
         Constrict         |    11 |    11 |     4 ||    26
         Tentacles         |    12 |    18 |     5 ||    35
         Punch             |     2 |     2 |       ||     4
  Throw: Dart              |       |     4 |     6 ||    10
    Use: Scroll            |     2 |     3 |     1 ||     6
         Potion            |     1 |     1 |     1 ||     3
   Stab: Sleeping          |     6 |     4 |     1 ||    11
 Armour: Skin              |    24 |    29 |     8 ||    61
  Dodge: Dodged            |    34 |    29 |     5 ||    68

Table legend: (Time is in decaauts)
 A = Elapsed time spent in this place.
 B = Non-inter-level travel time spent in this place.
 C = Inter-level travel time spent in this place.
 D = Time resting spent in this place.
 E = Time spent auto-exploring this place.
 F = Levels seen in this place.
 G = Mean time per level.
                   A        B        C        D        E       F      G
               +--------+--------+--------+--------+--------+-----+--------+
         Total |   3775 |   3633 |    142 |   1234 |   1735 |   5 |  755.0 |
       Dungeon |   3775 |   3633 |    142 |   1234 |   1735 |   5 |  755.0 |
               +--------+--------+--------+--------+--------+-----+--------+

Top non-repeatable levels by time:
     D:3: 1289 daAuts
     D:4: 1033 daAuts
     D:1: 738 daAuts
     D:2: 621 daAuts
     D:5: 93 daAuts
